 Dungeon Crawl Stone Soup version 0.27-a0-1071-ga85bd9520d (console) character file.

Game seed: 11357355588448069221

7 nht the Firebug (level 1, 4/13 HPs)
             Began as a Demonspawn Fire Elementalist on Apr 24, 2021.
             Was a Plaything of Xom.
             Quit the game on level 1 of the Dungeon.
             The game lasted 00:01:08 (359 turns).

nht the Firebug (Demonspawn Fire Elementalist)       Turns: 359, Time: 00:01:09

Health: 4/13       AC:  3    Str:  8    XL:     1   Next: 91%
Magic:  1/3        EV: 12    Int: 16    God:    Xom [..*...]
Gold:   17         SH:  0    Dex: 13    Spells: 3/4 levels left

rFire    . . .     SeeInvis .   (no weapon)
rCold    . . .     Faith    .   (no shield)
rNeg     . . .     Spirit   .   a - +1 robe
rPois    .         Reflect  .   (no helmet)
rElec    .         Harm     .   (no cloak)
rCorr    .         Rampage  .   (no gloves)
Will     .....                  (no boots)
Stlth    ++........             (no amulet)
HPRegen  0.04/turn              (no ring)
MPRegen  0.08/turn              (no ring)

@: attractive
A: no striking features
a: Renounce Religion


You were on level 1 of the Dungeon.
You worshipped Xom.
You were a toy of Xom.
You visited 1 branch of the dungeon, and saw 1 of its levels.

You collected 17 gold pieces.

Inventory:

Armour
 a - a +1 robe (worn)
Potions
 b - a potion of heal wounds


   Skills:
 - Level 1.7 Dodging
 - Level 1.7 Stealth
 - Level 2.0 Spellcasting
 + Level 1.5 Conjurations
 + Level 3.0 Fire Magic


You had 3 spell levels left.
You knew the following spells:

 Your Spells              Type           Power      Damage    Failure   Level
a - Foxfire               Conj/Fire      32%        2x1d5     9%          1

Your spell library contained the following spells:

 Spells                   Type           Power      Damage    Failure   Level
 Conjure Flame            Conj/Fire      8%         6-21      24%         3
 Inner Flame              Hex/Fire       6%         N/A       32%         3
 Sticky Flame             Conj/Fire      8%         2d3       63%         4
 Fireball                 Conj/Fire      4%         3d4       92%         5


Dungeon Overview and Level Annotations

Branches:
Dungeon (1/15)

Altars:
Xom


Message History

You kill the goblin!
The jackal closely misses you.
Your Fire Magic skill increases to level 3!
As you read the scroll labelled UNNECKETISS, it crumbles to dust.
It is a scroll of identify.
b - a potion of heal wounds The jackal bites you.
It was a potion of curing.
You feel better. The jackal bites you. The jackal closely misses you.
You closely miss the jackal.
The jackal bites you but does no damage.
You closely miss the jackal. The jackal misses you.
You closely miss the jackal. The jackal bites you.
A bat comes into view.
The jackal barely misses you.
You hit the jackal but do no damage. The jackal closely misses you.
You barely miss the jackal.
The jackal bites you but does no damage.
The jackal barely misses you.
You closely miss the jackal. The jackal bites you.
You conjure some foxfire!
The jackal closely misses you.
Your foxfire dissipates!
The foxfire hits the jackal.
The jackal is moderately wounded.
As you read the scroll labelled TUEBUMU ZAEM, it crumbles to dust.
You feel aware of your surroundings.
It was a scroll of magic mapping.
The jackal misses you. x2
As you read the scroll labelled YKHLIU WAZO, it crumbles to dust.
The creatures around you are filled with an inner flame!
It was a scroll of immolation.
The jackal barely misses you.
As you read the scroll labelled DON VUNNOAGOCO, it crumbles to dust.
It is a scroll of enchant armour.
Your +0 robe glows green for a moment.
The jackal bites you.
It was a potion of attraction.
You feel attractive to monsters. The jackal misses you. The jackal bites you.
The jackal bites you. The jackal barely misses you. The jackal bites you.
Are you sure you want to abandon this character and quit the game? (Confirm with "yes".)

*█████......█..█.b.......,,,,,,,,
,....^.........██'█*********,,,,,
██████.█.██.█...█h██████████*****
..........█.█...█.h........█**
.█████.████.█...████...██...,████
,**███.█,,..█...†b.b........,█...
,,,..█.█,*███...h███...██...,█...
***█.█.█,***█..█h█ █....█,..,█...
█.█)█,,(....█@█*██...█****█...
████.█.███████.█..█*█...██████...
.............................'...
████.█...███████.............█...
.....+.......█,..█..█.██████.████
.███.█...███.█.███..█.█ █.█
..██.█...█ *,*,.....█.█ █.█
..██.█...█ *,*████(.█.██████.█
..██.█...█ *,,...............█


You could see 2 jackals and a bat.

Vanquished Creatures
  An endoplasm (D:1)
  3 goblins (D:1)
  A frilled lizard (D:1)
  2 rats (D:1)
7 creatures vanquished.

Vanquished Creatures (others)
  17 foxfires (D:1)
17 creatures vanquished.

Grand Total: 24 creatures vanquished

Notes
Turn   | Place    | Note
-------+----------+-------------------------------------------
     0 | D:1      | nht the Demonspawn Fire Elementalist began the quest for
                  | the Orb.
     0 | D:1      | Reached XP level 1. HP: 13/13 MP: 3/3
    20 | D:1      | Found a faded altar of an unknown god.
    27 | D:1      | Became a worshipper of Xom the Fickle
   305 | D:1      | XOM: silly message
   337 | D:1      | Reached skill level 3 in Fire Magic
   359 | D:1      | Quit the game

Illustrated notes

Levels and vault maps discovered:
D:1:      dpeg_arrival_shelter, layout_basic,
          shapermc_ecumenical_altar_totnotflames

Skill      XL: |  1 |
---------------+----+-----
Fire Magic     | 3 |  3.0
Dodging        | |  1.7
Stealth        | |  1.7
Spellcasting   | |  2.0
Conjurations   | |  1.5

Action                   || total
-------------------------++-------
Melee: Unarmed           ||     6
 Cast: Foxfire           ||    13
  Use: Scroll            ||     4
       Potion            ||     2
Armor: Robe              ||     2
Dodge: Dodged            ||    13

Table legend: (Time is in decaauts)
 A = Elapsed time spent in this place.
 B = Non-inter-level travel time spent in this place.
 C = Inter-level travel time spent in this place.
 D = Time resting spent in this place.
 E = Time spent auto-exploring this place.
 F = Levels seen in this place.
 G = Mean time per level.
                   A        B        C        D        E       F      G
               +--------+--------+--------+--------+--------+-----+--------+
         Total |    359 |    353 |      6 |      0 |    287 |   1 |  359.0 |
       Dungeon |    359 |    353 |      6 |      0 |    287 |   1 |  359.0 |
               +--------+--------+--------+--------+--------+-----+--------+

Top non-repeatable levels by time:
     D:1: 359 daAuts
